Map: 克哈裂痕

Players

小何

  • Race: Terran Terran
  • Spawn Location: 7:00

Marisa

  • Race: Terran Terran
  • Spawn Location: 7:00

VOD

Have the link to the VOD?

Description

Time

  • Played on: March 10, 2018, 6:56 a.m.
  • Length: 19:16
Show
View Real Time Build Order
Export as new Build Order

小何 Terran 

Build Orders:  

Get SALT Encoding   

  12  0:03  SCV  
  13  0:20  SCV  
  13  0:27  Refinery  
  14  0:37  SCV  
  15  0:43  Refinery  
  15  0:54  SCV  
  16  1:10  SCV  
  16  1:13  Barracks  
  17  1:27  SCV  
  18  1:44  SCV  
  19  2:01  SCV  
  20  2:11  Command Center  
  20  3:07  Elite Marine  
  24  3:15  Defensive Drone  
  24  3:33  SCV  
  24  3:37  Factory  
  24  3:38  Barracks Tech Lab  
  25  3:50  SCV  
  25  3:53  Engineering Bay  
  26  4:07  SCV  
  27  4:29  Refinery, SCV  
  28  4:33  SCV  
  29  4:46  Starport, SCV  
  30  4:50  SCV  
  31  5:01  Armory  
  31  5:03  SCV  
  31  5:07  SCV  
  33  5:18  Refinery  
  33  5:24  SCV, Ghost Visor  
  34  5:41  SCV  
  35  5:56  Super Stimpack  
  35  5:58  SCV  
  36  6:06  Starport Tech Lab  
  36  6:08  Factory Tech Lab  
  36  6:11  Terran Infantry Weapons Level 1  
  36  6:17  SCV  
  37  6:34  SCV  
  37  6:38  Raid Artillery  
  38  6:40  Laser Targeting System  
  38  6:51  SCV  
  39  7:01  Raid Liberator  
  39  7:08  Smart Servos, SCV  
  46  7:27  Hellbat Rangers  
  50  7:52  Defensive Drone  
  50  8:45  Elite Marine  
  50  8:46  Hellbat Rangers  
  58  8:57  Terran Infantry Weapons Level 2  
  58  9:23  Strike Goliath  
  58  9:27  Defensive Drone  
  64  10:21  Defensive Drone  
  64  10:37  Raid Liberator  
  70  10:53  Defensive Drone  
  70  11:16  Raven Type-II x2  
  74  11:21  Enhanced Manufacturing  
  74  11:27  Griffin Airstrike  
  74  12:06  Tactical Airlift, Covert Triage  
  76  12:15  Terran Infantry Weapons Level 3  
  74  13:30  Defensive Drone  
  74  13:33  Griffin Airstrike  
  73  13:40  Defensive Drone  
  73  14:09  Griffin Airstrike  
  73  14:18  Defensive Drone  
  71  14:50  Elite Marine  
  74  15:05  Defensive Drone  
  74  15:11  Griffin Airstrike  
  74  15:30  Hellbat Rangers  
  74  15:32  Strike Goliath x2  
  90  15:53  Defensive Drone  
  90  15:55  Terran Infantry Armor Level 1  
  90  15:58  Railgun Turret x4  
  90  15:59  Railgun Turret x2  
  90  16:16  Defensive Drone  
  90  16:40  Tactical Airlift  
  90  16:44  Defensive Drone  
  90  16:49  Griffin Airstrike  
  90  16:53  Railgun Turret x2  
  90  17:01  Defensive Drone  
  90  17:06  Raven Type-II  
  92  17:24  Griffin Airstrike  
  92  17:28  Railgun Turret x3  
  92  17:29  Railgun Turret x2  
  92  17:42  Defensive Drone  
  92  17:55  Griffin Airstrike  
  92  18:34  Griffin Airstrike  
Show
View Real Time Build Order
Export as new Build Order

Marisa Terran 

Build Orders:  

Get SALT Encoding   

Tags
 
Commander
NovaRaynor
Matchup
Co-op
Replay Pack
Co-op Speedrun
Add a new tag
Caveats
  • Supply blocks, unpowered buildings, or Contaminate may cause inaccurate times.
  • Supply counts are checked every 10 seconds.